 Dungeon Crawl Stone Soup version 0.32-a0-975-g85d4e5bfdb (webtiles) character file.

Game seed: 5000920984134111533

79 Maxmaps the Trooper (level 4, -10/40 HPs)
             Began as a Draconian Shapeshifter on Apr 19, 2024.
             Mangled by Crazy Yiuf
             ... wielding a +2 quarterstaff of chaos
              (14 damage)
             ... on level 3 of the Dungeon.
             The game lasted 00:01:30 (2293 turns).

Maxmaps the Trooper (Draconian Shapeshifter)        Turns: 2293, Time: 00:01:30

Health: -10/40     AC:  5    Str: 16    XL:     4   Next: 16%
Magic:  4/4        EV: 11    Int: 17    God:
Gold:   171        SH:  0    Dex: 12    Spells: 3/3 levels left

rFire   . .          .
                       - Unarmed
rCold   . . .        (no shield)
rNeg    . . .        (body armour unavailable)
rPois   .            (helmet currently unavailable)
rElec   .            (cloak currently unavailable)
rCorr   .            (gloves currently unavailable)
SInv    .            (boots currently unavailable)
Will    .....        (no amulet)
Stlth   +            e - +6 ring of intelligence
HPRegen 0.26/turn    (no ring)
MPRegen 0.09/turn

%: no passive effects
@: lethally poisoned (-10 -> -22), beast-form
A: beast (slay +1), AC +5, unfitting armour, cold-blooded
a: Begin Untransformation


You were on level 3 of the Dungeon.
You were a hulking beast.
You visited 1 branch of the dungeon, and saw 3 of its levels.

You collected 171 gold pieces.

Inventory:

Armour
 l - a +0 pair of boots
 m - the +2 hood of the Assassin {Detect Stab+ Stlth++}
   (You found it on level 2 of the Dungeon)

   Detect:    It allows the wearer to sense nearby creatures.
   Stab+:     It allows the wearer to make particularly effective stabbing
   attacks against helpless or unaware enemies with any weapon.
   Stlth++:   It makes you much more stealthy.
Jewellery
 e - a +6 ring of intelligence (left hand)
Talismans
 b - a beast talisman (active)
 c - a flux talisman
Scrolls
 d - 2 scrolls of identify {unknown}
 f - a scroll of acquirement {unknown}
 g - 3 scrolls of poison {unknown}
 h - 2 scrolls of immolation {unknown}
 i - a scroll of enchant armour {unknown}
 j - 2 scrolls of enchant weapon {unknown}
 k - a scroll of teleportation {unknown}
 n - a scroll of revelation {unknown}
 p - a scroll of fear {unknown}
Potions
 a - a potion of lignification
 o - a potion of mutation {unknown}
 q - a potion of experience {unknown}
 r - a potion of cancellation {unknown}


   Skills:
 - Level 4.2 Fighting
 - Level 1.7 Dodging
 - Level 3.0 Unarmed Combat
 + Level 3.2 Shapeshifting


You had 3 spell levels left.
You didn't know any spells.
Your spell library was empty.

Dungeon Overview and Level Annotations

Branches:
Dungeon (3/15)

Altars:

Annotations:
D:3 Crazy Yiuf


Innate Abilities, Weirdness & Mutations

You are a hulking beast.
Your limbs bulge with bestial killing power. (Slay +1)
Your plain brown scales are hard. (AC +5)
You cannot fit into any form of body armour.
You are cold-blooded and may be slowed by cold attacks.


Message History

You open the door.
There is an open door here.
You see here an adder skeleton.
You see here a +0 dagger.
Things that are here:
a +0 dagger of venom; a goblin skeleton Crazy Yiuf grits, "Goldfish!"
No reachable target in view!
Could not explore, unopened runed door.
No reachable target in view!
Could not explore, unopened runed door.
No reachable target in view!
No reachable target in view!
You open the door. You hit Crazy Yiuf.
Crazy Yiuf is lightly wounded.
Crazy Yiuf barely misses you.
You closely miss Crazy Yiuf.
Your tail-slap misses Crazy Yiuf.
Crazy Yiuf is lightly wounded.
Crazy Yiuf hits you with a +2 quarterstaff of chaos!
You are poisoned.
You hit Crazy Yiuf.
Your tail-slap misses Crazy Yiuf.
Crazy Yiuf is moderately wounded.
You feel very sick. Crazy Yiuf misses you.
Unknown command.
You hit Crazy Yiuf.
Crazy Yiuf is heavily wounded.
You feel very sick.
Crazy Yiuf hits you with a +2 quarterstaff of chaos.
Crazy Yiuf burns you.
* * * LOW HITPOINT WARNING * * *
You hit Crazy Yiuf.
Crazy Yiuf is heavily wounded.
* * * LOW HITPOINT WARNING * * *
You feel very sick.
Crazy Yiuf hits you with a +2 quarterstaff of chaos.
* * * LOW HITPOINT WARNING * * *
You are electrocuted!
You die...

....###.####
#....#######.#.#...
...........# #....#
#####.......
###.###.#### ♣P.PP♣
#...........
...<...†...# ♣♣.P.♣
#######.#...
######.##### ♣♣.♣♣
######.)#...
...........# ♣♣.♣
#.......#..#
...........# ♣.♣♣
######..#...
...........# ♣♣.♣
#.......####
...........# ♣h♣♣
#...>.......
...........# #g#
#####.#.####
######'##### ...
#####.#.# # #.#
#...# #.....#.# #
#)# #)..# #.......#
# #.# #####
######### # #.#####
# #.....# # #######
#


You could see Crazy Yiuf.

Vanquished Creatures
  2 adders
  A ribbon worm (D:3)
  7 ball pythons
  6 bats
  6 endoplasms
  2 giant cockroaches (D:2)
  8 hobgoblins
  5 jackals
  A quokka (D:1)
  4 goblins
  5 kobolds
  6 rats
53 creatures vanquished.

Notes
Turn   | Place    | Note
-------+----------+-------------------------------------------
     0 | D:1      | Maxmaps the Draconian Shapeshifter began the quest for the
                  | Orb.
     0 | D:1      | Reached XP level 1. HP: 16/16 MP: 1/1
    53 | D:1      | Reached skill level 2 in Fighting
   111 | D:1      | Reached XP level 2. HP: 25/25 MP: 2/2
   355 | D:1      | Reached skill level 3 in Fighting
   782 | D:2      | Reached XP level 3. HP: 28/31 MP: 3/3
  1190 | D:2      | Found the +2 hood of the Assassin {Detect Stab+ Stlth++}
  1333 | D:2      | Reached skill level 4 in Fighting
  1460 | D:3      | Reached XP level 4. HP: 40/40 MP: 4/4
  1817 | D:3      | Found a runed translucent door.
  1818 | D:3      | Noticed Crazy Yiuf
  2293 | D:3      | Mangled by Crazy Yiuf

Illustrated notes

Levels and vault maps discovered:
D:1:      dpeg_arrival_long_road, layout_basic
D:2:      layout_rooms
D:3:      layout_basic, st_stairs_4, uniq_crazy_yiuf_cottage

Skill      XL: |  1  2  3 |
---------------+----------+-----
Fighting       | 2 3 4 |  4.2
Dodging        | |  1.7
Unarmed Combat | |  3.0
Shapeshifting  | |  3.2

Action                     |  1- 3 |  4- 6 || total
---------------------------+-------+-------++-------
  Melee: Unarmed           |   133 |    25 ||   158
         Tailslap          |    11 |       ||    11
         Punch             |     2 |       ||     2
   Stab: Sleeping          |     1 |       ||     1
 Armour: Skin              |    83 |     9 ||    92
  Dodge: Dodged            |    80 |    11 ||    91

Table legend: (Time is in decaauts)
 A = Elapsed time spent in this place.
 B = Non-inter-level travel time spent in this place.
 C = Inter-level travel time spent in this place.
 D = Time resting spent in this place.
 E = Time spent auto-exploring this place.
 F = Levels seen in this place.
 G = Mean time per level.
                   A        B        C        D        E       F      G
               +--------+--------+--------+--------+--------+-----+--------+
         Total |   2288 |   2171 |    117 |     90 |   1723 |   3 |  762.7 |
       Dungeon |   2288 |   2171 |    117 |     90 |   1723 |   3 |  762.7 |
               +--------+--------+--------+--------+--------+-----+--------+

Top non-repeatable levels by time:
     D:3: 926 daAuts
     D:1: 763 daAuts
     D:2: 598 daAuts
